 Dungeon Crawl Stone Soup version 0.29-a0-919-gd064cfad1c (webtiles) character file.

Game seed: 572063652710927499

329 scionoferis the Caller (level 6, 0/36 HPs)
             Began as an Octopode Summoner on July 26, 2022.
             Was an Initiate of Gozag.
             Hit by a boomerang thrown by an orc (6 damage)
             ... on level 4 of the Dungeon.
             The game lasted 00:14:04 (3790 turns).

scionoferis the Caller (Octopode Summoner)          Turns: 3790, Time: 00:14:06

Health: 0/36       AC:  1    Str:  7    XL:     6   Next: 50%
Magic:  9/11       EV: 13    Int: 20    God:    Gozag
Gold:   146        SH:  5    Dex: 12    Spells: 5/12 levels left

rFire   . . .      SeeInvis .   a - +2 dagger (venom)
rCold   + . .      Faith    .   (no shield)
rNeg    . . .      Spirit   .   (helmet restricted)
rPois   .          Reflect  +   u - amulet of reflection
rElec   .          Harm     .   l - ring of protection from cold
rCorr   .          Rampage  .   (no ring)
Will    .....                   (no ring)
Stlth   +++.......              (no ring)
HPRegen 0.12/turn               (no ring)
MPRegen 0.12/turn               (no ring)
                                (no ring)
                                (no ring)

@: gold aura
A: almost no armour, amphibious, 8 rings, camouflage 1, gelatinous body 1,
(nimble swimmer 1), tentacles
a: Renounce Religion, Potion Petition, Call Merchant, Bribe Branch


You were on level 4 of the Dungeon.
You worshipped Gozag.
Gozag was aware of your devotion.
You visited 2 branches of the dungeon, and saw 5 of its levels.

You collected 213 gold pieces.
You paid 67 gold pieces to Gozag.

Inventory:

Hand Weapons
 a - a +2 dagger of venom (weapon)
 b - a +0 sling
 w - a +0 trident
 F - a +0 great mace of protection
 H - a +0 dagger
Missiles
 f - 33 stones
 A - 12 boomerangs
Armour
 y - a +0 buckler
Jewellery
 l - a ring of protection from cold (left tentacle)
 s - a ring of ice
 u - an amulet of reflection (around mantle)
 I - an amulet of faith
Wands
 q - a wand of polymorph (9)
Scrolls
 c - 6 scrolls of identify {unknown}
 d - a scroll of noise {unknown}
 i - a scroll of torment {unknown}
 k - a scroll of summoning {unknown}
 v - 2 scrolls of vulnerability {unknown}
 z - a scroll of enchant weapon {unknown}
 B - 2 scrolls of poison {unknown}
 C - a scroll of enchant armour {unknown}
 D - a scroll of teleportation {unknown}
 G - a scroll of fog {unknown}
 J - a scroll of fear {unknown}
Potions
 e - a potion of magic
 g - a potion of berserk rage {unknown}
 h - a potion of invisibility {unknown}
 j - a potion of haste {unknown}
 m - 2 potions of might {unknown}
 n - a potion of brilliance {unknown}
 o - 2 potions of flight
 p - a potion of attraction {unknown}
 r - 4 potions of heal wounds {unknown}
 t - 2 potions of curing {unknown}
 x - 2 potions of lignification {unknown}
 E - a potion of mutation {unknown}


   Skills:
 - Level 2.0 Dodging
 - Level 2.6 Stealth
 + Level 3.7 Spellcasting
 + Level 2.4 Hexes
 + Level 6.1 Summonings


You had 5 spell levels left.
You knew the following spells:

 Your Spells              Type           Power      Damage    Failure   Level
a - Summon Small Mammal   Summ           100%       N/A       1%          1
b - Call Canine Familiar  Summ           28%        N/A       3%          3
c - Summon Guardian Gole  Hex/Summ       20%        N/A       7%          3

Your spell library contained the following spells:

 Spells                   Type           Power      Damage    Failure   Level
 Call Imp                 Summ           28%        N/A       1%          2
 Sandblast                Erth           6%         2d5       13%         1
 Passwall                 Tmut/Erth      2%         N/A       21%         2
 Stone Arrow              Conj/Erth      6%         3d7       36%         3
 Summon Lightning Spire   Summ/Air       15%        N/A       36%         4


Dungeon Overview and Level Annotations

Branches:
Dungeon (4/15)             Temple (1/1) D:4

Altars:
Dithmenos
Gozag
Kikubaaqudgha
Nemelex Xobeh
Okawaru
Qazlal
Ru
Vehumet
Wu Jian
Yredelemnul
Zin

Annotations:
D:4 Edmund


Innate Abilities, Weirdness & Mutations

You cannot wear most types of armour.
You are amphibious.
You can wear up to eight rings at the same time.
Your skin changes colour to match your surroundings (Stealth+).
Your rubbery body absorbs attacks. (AC +1, EV +1)
((You are camouflaged when in or above water. (Stealth+)))
You have tentacles for arms and can constrict up to eight enemies at once.


Message History

The orc priest calls down the wrath of Beogh upon you.
Beogh smites you!
An orc comes into view. It is wielding a +0 short sword.
Your hound closely misses the orc priest.
You barely miss the orc priest. You grab the orc priest.
You squeeze the orc priest!
The orc priest is heavily wounded.
You constrict the orc priest, but do no damage.
The orc priest hits you with a +0 whip.
Your hound bites the orc priest.
You hit the orc priest but do no damage.
The orc priest is poisoned.
The orc priest is severely wounded.
You constrict the orc priest.
Your hound bites the orc priest.
The orc priest dies!
Your hound barely misses the orc.
You hit the orc.
The orc is poisoned.
You grab the orc.
The orc is lightly wounded.
You constrict the orc. The orc hits you but does no damage.
Your hound bites the orc.
The orc dies!
The orc barely misses you.
Your hound bites the orc.
Items here: $ )) [.
The orc attacks as you move away! The orc misses you.
The orc throws a boomerang.
The boomerang hits you.
* * * LOW HITPOINT WARNING * * *
Your hound misses the orc.
Your hound barely misses the orc.
The orc throws a boomerang.
The boomerang hits you.
* * * LOW HITPOINT WARNING * * *
Your hound barely misses the orc.
The orc closely misses your hound.
Your hound barely misses the orc.
You see here a scroll labelled QORGHA FAZXEOD.
You hit the orc but do no damage.
The orc is poisoned.
You grab the orc. You constrict the orc.
Your hound bites the orc but does no damage.
The orc throws a boomerang.
The boomerang closely misses your hound.
The boomerang hits you.
You die...
Your body crumbles into a pile of gold.

........ ... ... .........
..[...... ..###.###.....###
.......... ####..##.#≈≈≈≈≈≈≈≈≈#
...........###.#.>....#≈#.....#≈#
#...................#..≈.......≈.
...............#....#..≈†......≈.
.†#.#... .##..o$.......≈...>...≈.
..## .......ho..##..≈.......≈.
.g.## ..#####.@..#...≈.......≈.
....####. ###.?...#≈#.....#≈#
.o....... ##...)#≈≈≈≈≈≈≈≈≈#
......... #....###.....###
.@....#.. . #...............
.<....# . .....#.............#
#.)...#.# #...#.............#
#........ #........#.........
#.....#.. #......#..##...###..


You could see 2 orcs and a friendly hound (summoned).

Vanquished Creatures
  A hound (D:4)
  2 worms
  2 dart slugs
  2 orcs
  3 endoplasms
  A giant cockroach (D:3)
  9 goblins
  3 hobgoblins
  9 jackals
  3 quokkas
  A ball python (D:4)
  4 bats (D:1)
  5 frilled lizards
  4 kobolds
  2 rats
51 creatures vanquished.

Vanquished Creatures (collateral kills)
  An orc priest (D:4)
  An orc wizard (D:3)
  4 adders
  A gnoll (D:3)
  8 orcs
  2 ball pythons
  2 bats (D:1)
  4 endoplasms
  3 giant cockroaches
  2 goblins
  2 jackals (D:3)
  A frilled lizard (D:1)
  2 kobolds
33 creatures vanquished.

Vanquished Creatures (others)
  A scorpion (D:4)
  3 gnolls (D:3)
  A hobgoblin (D:3)
5 creatures vanquished.

Grand Total: 89 creatures vanquished

Notes
Turn   | Place    | Note
-------+----------+-------------------------------------------
     0 | D:1      | scionoferis the Octopode Summoner began the quest for the
                  | Orb.
     0 | D:1      | Reached XP level 1. HP: 11/11 MP: 3/3
   359 | D:1      | Reached XP level 2. HP: 17/17 MP: 3/5
   649 | D:1      | Found a faded altar of an unknown god.
   665 | D:1      | Reached XP level 3. HP: 17/21 MP: 4/6
   669 | D:1      | Learned a level 3 spell: Call Canine Familiar
  1289 | D:2      | Reached skill level 5 in Summonings
  1386 | D:2      | Reached XP level 4. HP: 27/27 MP: 4/8
  1390 | D:2      | Learned a level 3 spell: Summon Guardian Golem
  2377 | D:3      | Reached skill level 1 in Hexes
  2377 | D:3      | Reached XP level 5. HP: 31/31 MP: 5/9
  2805 | D:3      | Found a sparkling altar of Nemelex Xobeh.
  3187 | D:4      | Reached XP level 6. HP: 36/36 MP: 8/11
  3247 | D:4      | Noticed Edmund
  3257 | D:4      | Reached skill level 6 in Summonings
  3635 | D:4      | Found a staircase to the Ecumenical Temple.
  3646 | Temple   | Entered the Ecumenical Temple
  3758 | Temple   | Became a worshipper of Gozag Ym Sagoz the Greedy
  3790 | D:4      | Hit by a boomerang thrown by an orc

Illustrated notes

Levels and vault maps discovered:
D:1:      spicycebolla_green_bress_n_ham, layout_loops_ring,
          chequers_ecumenical_altar_simple_redux
D:2:      layout_loops_ring, chequers_serial_rivers_large_a
D:3:      layout_loops_ring, nemelex_dance_club_becter
D:4:      layout_cave_pools, minmay_temple_entry_water_ring, uniq_edmund
Temple:   eino_temple_lava

Skill      XL: |  1  2  3  4  5  6 |
---------------+-------------------+-----
Summonings     | 5 6 |  6.1
Spellcasting   | 3 |  3.7
Hexes          | 1 2 |  2.4
Dodging        | |  2.0
Stealth        | |  2.6

Action                   |  1- 3 |  4- 6 || total
-------------------------+-------+-------++-------
Melee: Unarmed           |    11 |       ||    11
       Constrict         |    15 |    21 ||    36
       Tentacles         |    16 |    12 ||    28
       Dagger            |    45 |    66 ||   111
       Punch             |     2 |       ||     2
 Fire: Sling             |     5 |     5 ||    10
 Cast: Summon Small Mamm |     5 |     3 ||     8
       Call Canine Famil |     4 |    10 ||    14
       Summon Guardian G |       |     6 ||     6
  Use: Potion            |       |     1 ||     1
 Stab: Sleeping          |     4 |     4 ||     8
Armor: Skin              |    11 |     5 ||    16
Dodge: Dodged            |    27 |    31 ||    58
Block: Other             |       |     7 ||     7
       Reflection        |       |     1 ||     1

Table legend: (Time is in decaauts)
 A = Elapsed time spent in this place.
 B = Non-inter-level travel time spent in this place.
 C = Inter-level travel time spent in this place.
 D = Time resting spent in this place.
 E = Time spent auto-exploring this place.
 F = Levels seen in this place.
 G = Mean time per level.
                   A        B        C        D        E       F      G
               +--------+--------+--------+--------+--------+-----+--------+
         Total |   3789 |   3691 |     98 |     87 |   2683 |   5 |  757.8 |
       Dungeon |   3668 |   3570 |     98 |     87 |   2592 |   4 |  917.0 |
        Temple |    120 |    120 |      0 |      0 |     91 |   1 |  120.0 |
               +--------+--------+--------+--------+--------+-----+--------+

Top non-repeatable levels by time:
     D:3: 1244 daAuts
     D:1: 1223 daAuts
     D:2: 746 daAuts
     D:4: 454 daAuts
  Temple: 120 daAuts
